 Dungeon Crawl Stone Soup version 0.29.1 (webtiles) character file.

Game seed: 14126488026368535600

461 masschaos23 the Chopper (level 7, -4/61 HPs)
             Began as a Hill Orc Fighter on Sept 13, 2022.
             Was an Initiate of Beogh.
             Slain by a lemure (7 damage)
             ... led by Pikel
             ... on level 5 of the Dungeon.
             The game lasted 00:06:54 (4194 turns).

masschaos23 the Chopper (Hill Orc Fighter)          Turns: 4194, Time: 00:06:54

Health: -4/61      AC:  4    Str: 21    XL:     7   Next: 7%
Magic:  7/7        EV: 10    Int:  8    God:    Beogh [......]
Gold:   222        SH:  4    Dex: 10    Spells: 6/6 levels left

rFire   + . .      SeeInvis +   a - +0 war axe
rCold   + . .      Faith    .   c - +0 buckler
rNeg    . . .      Spirit   .   r - +1 leather armour {rPois}
rPois   +          Reflect  .   (no helmet)
rElec   +          Harm     .   (no cloak)
rCorr   +          Rampage  .   (no gloves)
Will    +....                   (no boots)
Stlth   +.........              (no amulet)
HPRegen 0.20/turn               t - ring of see invisible
MPRegen 0.10/turn               q - ring of willpower

@: resistant
A: no striking features
a: Renounce Religion


You were on level 5 of the Dungeon.
You worshipped Beogh.
Beogh was noncommittal.
You visited 1 branch of the dungeon, and saw 5 of its levels.

You collected 222 gold pieces.

Inventory:

Hand Weapons
 a - a +0 war axe (weapon)
 s - a +0 whip of pain
Armour
 b - a +0 scale mail
 c - a +0 buckler (worn)
 r - a +1 leather armour of poison resistance (worn)
Jewellery
 f - a ring of ice
 h - a ring of fire
 q - a ring of willpower (right hand)
 t - a ring of see invisible (left hand)
 u - a ring of poison resistance
Scrolls
 g - 2 scrolls of blinking
 j - 2 scrolls of enchant weapon
 k - a scroll of fog {unknown}
 n - a scroll of immolation {unknown}
 p - a scroll of fear
Potions
 d - a potion of magic {unknown}
 i - a potion of degeneration {unknown}
 l - a potion of ambrosia {unknown}
 m - a potion of curing {unknown}
 v - a potion of brilliance {unknown}
 w - a potion of invisibility {unknown}


   Skills:
 + Level 5.0 Fighting
 + Level 6.8 Axes
 + Level 5.1 Armour
 - Level 0.2 Dodging
 + Level 4.1 Shields


You had 6 spell levels left.
You didn't know any spells.
Your spell library contained the following spells:

 Spells                   Type           Power      Damage    Failure   Level
 Gell's Gravitas          Tloc           0%         N/A       89%         3
 Lesser Beckoning         Tloc           0%         N/A       89%         3
 Teleport Other           Tloc           0%         N/A       89%         3


Dungeon Overview and Level Annotations

Branches:
Dungeon (5/15)
 Temple: D:4-7

Altars:
Elyvilon
Ru

Annotations:
D:5 Pikel


Message History

The lemure hits you.
You hit Pikel.
Pikel is lightly wounded.
You barely miss the lemure.
Pikel hits you with a +0 whip of freezing.
Pikel freezes you. The lemure hits you but does no damage.
You barely miss Pikel.
Pikel is lightly wounded.
You miss the lemure.
Pikel zaps a wand.
The puff of flame hits you! The lemure hits you.
You barely miss Pikel.
Pikel is lightly wounded.
You hit the lemure but do no damage. You barely miss the lemure.
Pikel closely misses you. The lemure closely misses you. x2
Pikel zaps a wand.
You block the puff of flame. The lemure barely misses you.
You slash Pikel!
Pikel is moderately wounded.
You hit the lemure but do no damage. You closely miss the lemure.
The lemure hits you.
Pikel zaps a wand.
The puff of flame misses you. The lemure hits you.
You hit Pikel but do no damage.
Pikel is moderately wounded.
You barely miss the lemure. You hit the lemure but do no damage.
You slash the lemure! The lemure hits you.
Pikel zaps a wand.
The puff of flame hits you! The lemure barely misses you. The lemure hits you.
You closely miss Pikel.
Pikel is moderately wounded.
You closely miss the lemure. You hit the lemure. You closely miss the lemure.
You block the lemure's attack.
Pikel zaps a wand.
The puff of flame hits you!
* * * LOW HITPOINT WARNING * * *
The lemure hits you.
* * * LOW HITPOINT WARNING * * *
The lemure hits you!
* * * LOW HITPOINT WARNING * * *
Unknown command.
It was a potion of resistance.
You feel protected. You block the lemure's attack.
Pikel hits you but does no damage. The lemure closely misses you.
The lemure hits you!
You die...

##....# #<...#
###....#
###......#
##.<......#
#.........##
#K.........##
.#
#...####.K55.##
#..# 55K..#
###@5.c##...#
#####
##.......#
###....##
###.## ##


You could see Pikel, 3 lemures and a centaur.

Vanquished Creatures
  A kobold brigand (D:4)
  A necrophage (D:4)
  A scorpion (D:4)
  A hound (D:4)
  A jelly (D:4)
  An iguana (D:4)
  2 orc wizards (D:3)
  6 adders
  2 worms
  2 dart slugs
  6 orcs
  5 endoplasms
  2 giant cockroaches
  4 goblins
  7 hobgoblins
  2 jackals (D:4)
  2 quokkas
  9 ball pythons
  6 bats
  2 frilled lizards
  4 kobolds
  5 rats
72 creatures vanquished.

Notes
Turn   | Place    | Note
-------+----------+-------------------------------------------
     0 | D:1      | masschaos23 the Hill Orc Fighter began the quest for the
                  | Orb.
     0 | D:1      | Reached XP level 1. HP: 19/19 MP: 1/1
   191 | D:1      | Reached XP level 2. HP: 27/27 MP: 2/2
   558 | D:1      | Reached skill level 3 in Axes
   826 | D:2      | Reached XP level 3. HP: 33/33 MP: 3/3
  1510 | D:3      | Reached XP level 4. HP: 33/40 MP: 4/4
  1568 | D:3      | Found a sacrificial altar of Ru.
  1581 | D:3      | Reached skill level 4 in Axes
  1973 | D:3      | Found a faded altar of an unknown god.
  2027 | D:3      | Reached XP level 5. HP: 46/47 MP: 5/5
  2147 | D:3      | Reached skill level 5 in Axes
  2493 | D:4      | Reached XP level 6. HP: 24/53 MP: 6/6
  2849 | D:4      | Reached skill level 6 in Axes
  3178 | D:4      | Became a worshipper of Beogh the Brigand
  3351 | D:4      | Reached skill level 5 in Armour
  3351 | D:4      | HP: 2/53 [necrophage (2)]
  3353 | D:4      | Reached skill level 5 in Fighting
  3353 | D:4      | Reached XP level 7. HP: 2/61 MP: 7/7
  3652 | D:4      | Found a white marble altar of Elyvilon.
  4169 | D:5      | Entered Level 5 of the Dungeon
  4171 | D:5      | Noticed Pikel
  4193 | D:5      | HP: 3/61 [lemure[Pikel] (7)]
  4194 | D:5      | Slain by a lemure

Illustrated notes

Levels and vault maps discovered:
D:1:      nagdon_arrival_zigzag_paths, layout_basic
D:2:      layout_rooms, kennysheep_generic_room_5
D:3:      layout_rooms, nicolae_ru_great_annihilating_truth,
          shapermc_ecumenical_altar_totnotflames, amethyst_killhole
D:4:      layout_loops_cross, mainiacjoe_overflow_24_doors
D:5:      layout_layer_cave, minmay_temple_entry_stoned_glass,
          kennysheep_generic_room_9, uniq_pikel

Skill      XL: |  1  2  3  4  5  6 |
---------------+-------------------+-----
Axes           | 3 4 5 6 |  6.8
Fighting       | 4 5 |  5.0
Armour         | 4 5 |  5.1
Shields        | 4 |  4.1
Dodging        | |  0.2

Action                   |  1- 3 |  4- 6 |  7- 9 || total
-------------------------+-------+-------+-------++-------
Melee: War axe           |    89 |   116 |    26 ||   231
Invok: Convert to Beogh  |       |     1 |       ||     1
  Use: Potion            |       |     1 |     1 ||     2
       Scroll            |       |       |     4 ||     4
 Stab: Invisible         |       |     1 |       ||     1
Armor: Scale mail        |    53 |    26 |       ||    79
       Leather armour    |       |    15 |     6 ||    21
Dodge: Dodged            |    42 |    42 |    14 ||    98
Block: Buckler           |    19 |    26 |     7 ||    52
